 Dungeon Crawl Stone Soup version 0.31-a0-574-g69dc8cc98e (webtiles) character file.

Game seed: 15674588628395311280

39332 experimilk the Brawler (level 13, -13/133 HPs)
             Began as a Troll Gladiator on Aug 14, 2023.
             Was an Elder of Wu Jian.
             Mangled by a death yak (25 damage)
             ... on level 4 of the Lair of Beasts on Aug 18, 2023.
             The game lasted 00:52:09 (14941 turns).

experimilk the Brawler (Troll Gladiator)           Turns: 14941, Time: 00:52:10

Health: -13/133    AC:  6    Str: 29    XL:     13   Next: 68%
Magic:  12/12      EV: 10    Int:  4    God:    Wu Jian [****..]
Gold:   2408       SH:  0    Dex: 11    Spells: 12/12 levels left

rFire   + .          .
                       - Unarmed
rCold   + . .        (no shield)
rNeg    . . .        F - +0 troll leather armour
rPois   .            b - +0 hat
rElec   .            D - scarf of the Muttering Gods {+Inv, rF+}
rCorr   .            (gloves unavailable)
SInv    .            (boots unavailable)
Will    +....        A - amulet of the acrobat
Stlth   +            g - ring of protection from cold
HPRegen 2.02/turn    x - ring of willpower
MPRegen 0.13/turn

%: acrobat
@: exhausted
A: large, unfitting armour, claws 3, regeneration 1, shaggy fur 1, tough skin 1
a: Renounce Religion, Evoke Invisibility, Wall Jump, Serpent's Lash


You were on level 4 of the Lair of Beasts.
You worshipped Wu Jian.
Wu Jian was greatly pleased with you.
You visited 3 branches of the dungeon, and saw 16 of its levels.
You also visited: Sewer and Bailey.

You collected 2408 gold pieces.

Inventory:

Missiles
 a - 13 poisoned darts
 c - 10 throwing nets
 d - 6 javelins (quivered)
 f - 5 large rocks
 s - 16 boomerangs
 z - 6 curare-tipped darts
 H - 64 stones
Armour
 b - a +0 hat (worn)
 r - +0 swamp dragon scales
 D - the scarf of the Muttering Gods (worn) {+Inv, rF+}
   (You found it on level 8 of the Dungeon)

   rF+:       It protects you from fire.
 F - a +0 troll leather armour (worn)
Jewellery
 g - a ring of protection from cold (left claw)
 l - a ring of protection from cold
 x - a ring of willpower (right claw)
 A - an amulet of the acrobat (around neck)
 C - an amulet of reflection
Wands
 v - a wand of digging (13)
 w - a wand of mindburst (11)
 y - a wand of roots (17)
 L - a wand of flame (11)
Scrolls
 h - 5 scrolls of poison
 i - a scroll of vulnerability
 j - 2 scrolls of revelation
 m - 7 scrolls of teleportation
 n - a scroll of silence
 p - a scroll of amnesia
 q - a scroll of enchant weapon
 G - a scroll of identify
 I - a scroll of enchant armour
 J - a scroll of immolation
 O - a scroll of fog
Potions
 e - 5 potions of enlightenment
 k - 3 potions of lignification
 o - 2 potions of cancellation
 t - a potion of invisibility
 u - 2 potions of mutation
 B - 4 potions of attraction
 E - 2 potions of brilliance
 K - 3 potions of curing
 P - 2 potions of berserk rage
Miscellaneous
 M - a phial of floods


   Skills:
 - Level 10.0 Fighting
 - Level 10.0 Throwing
 + Level 9.3 Armour
 - Level 2.4 Dodging
 - Level 15.0 Unarmed Combat


You had 12 spell levels left.
You didn't know any spells.
Your spell library contained the following spells:

 Spells                   Type           Power      Damage    Failure   Level
 Apportation              Tloc           0%         N/A       52%         1
 Magic Dart               Conj           0%         1d3       52%         1
 Necrotise                Necr           0%         1d4       52%         1
 Summon Small Mammal      Summ           0%         N/A       52%         1
 Call Imp                 Summ           0%         N/A       67%         2
 Scorch                   Fire           0%         2d5       67%         2
 Dazzling Flash           Conj/Hex       0%         N/A       88%         3
 Inner Flame              Hex/Fire       0%         N/A       88%         3
 Mephitic Cloud           Conj/Pois/Air  0%         N/A       88%         3
 Summon Guardian Golem    Hex/Summ       0%         N/A       88%         3
 Vampiric Draining        Necr           0%         2d6       88%         3
 Volatile Blastmotes      Fire/Tloc      0%         2d10      88%         3
 Animate Dead             Necr           0%         N/A       99%         4
 Flame Wave               Conj/Fire      0%         2d4       99%         4
 Agony                    Necr           0%         N/A       100%        5
 Yara's Violent Unravell  Hex/Tmut       0%         3d3       100%        5
 Starburst                Conj/Fire      0%         6d3       100%        6
 Summon Cactus Giant      Summ           0%         N/A       100%        6
 Enfeeble                 Hex            0%         N/A       100%        7
 Haunt                    Necr/Summ      0%         N/A       100%        7
 Orb of Destruction       Conj           0%         9d5       100%        7
 Spellforged Servitor     Conj/Summ      0%         N/A       100%        7
 Infestation              Necr           0%         N/A       100%        8
 Maxwell's Capacitive Co  Air            0%         ∞         100%        8


Dungeon Overview and Level Annotations

Branches:
Dungeon (11/15)            Temple (1/1) D:5            Lair (4/5) D:9
  Swamp (0/4) Lair:2        Snake (0/4) Lair:2        Slime (0/5) Lair:4
    Orc (0/2) D:10          Sewer (visited)          Bailey (visited)

Altars:
Ashenzari
Cheibriados
Dithmenos
Elyvilon
Fedhas
Gozag
Hepliaklqana
Kikubaaqudgha
Makhleb
Nemelex Xobeh
Okawaru
Qazlal
Ru
Sif Muna
Trog
Uskayaw
Vehumet
Wu Jian
Xom
Yredelemnul
Zin
The Shining One

Shops:
D:4 (   D:10 :

Portals:
Trove: D:10 (give 12 potions of heal wounds)


Innate Abilities, Weirdness & Mutations

You are too large for most types of armour.
You have claws for hands.
Your natural rate of healing is unusually fast.
You are covered in fur. (AC +1)
You have tough skin. (AC +1)


Message History

The death yak is heavily wounded.
You mangle the death yak!! You claw the death yak.
The death yak is almost dead.
The death yak misses you. The death yak barely misses you.
You claw the death yak!
The death yak is almost dead.
The death yak gores you. The death yak closely misses you.
You barely miss the death yak. You claw the death yak.
The death yak is almost dead.
The death yak barely misses you. x2
You scratch the death yak.
You kill the death yak!
The Council accepts your kill.
You barely miss the death yak.
The death yak is heavily wounded.
The death yak barely misses you.
You barely miss the death yak.
The death yak is heavily wounded.
The death yak gores you!
You barely miss the death yak.
The death yak is heavily wounded.
You scratch the death yak.
You claw the death yak, but do no damage.
The death yak is heavily wounded.
The death yak gores you!
You scratch the death yak but do no damage.
You claw the death yak!
The death yak is severely wounded.
The death yak gores you!!
* * * LOW HITPOINT WARNING * * *
You scratch the death yak. Your claw misses the death yak.
The death yak is severely wounded.
The death yak gores you!
* * * LOW HITPOINT WARNING * * *
You completely miss the death yak.
The death yak is severely wounded.
You claw the death yak!
The death yak is almost dead.
The death yak gores you!!
You die...

**,,**,,,,,,,***,,,**,,,,,,,**,,*
,,*,,***,,,..##.....#.....###P.P#
,,*,,,**,,,......................
,,,,,**#............P.....##.....
,,.#**##.....>............#......
**#.#*#......##.....##....##..#.#
**#..##.......##...###....##..#.#
,,.........(.##.P..#.#...........
,,......(((..(.†@................
,,......§.(....Y.................
,,.....§☼((..(...................
,,.....§§.(.††...................
,,.....☼§..††..†.................
,,..###§P.#....<.............P.##
,,****#§###...#...............###
,,*,,....##...###.#............*#
,,,,...,......##.......J*,*,,,,,*


You could see a death yak (poisoned).

Vanquished Creatures
  3 hydras
  Harold (D:9)
  A centaur warrior (D:10)
  2 ogre magi (D:10)
  A catoblepas (Lair:3)
  A death knight (D:10)
  2 boulder beetles
  A two-headed ogre (D:9)
  4 death yaks (Lair:4)
  A tengu warrior (D:10)
  2 ugly things (D:10)
  2 cyclopes (D:10)
  An oklob plant (Lair:3)
  7 cane toads
  9 elephants
  Maggie (D:6)
  A torpor snail (Lair:4)
  7 komodo dragons
  A gargoyle (D:10)
  An unseen horror (D:10)
  5 rime drakes
  A freezing wraith (D:10)
  A polar bear (Lair:1)
  5 trolls
  A hornet (D:10)
  2 tyrant leeches (Lair:2)
  Grinder (D:6)
  4 blink frogs
  2 shadows
  7 wyverns
  2 wraiths (D:10)
  29 yaks
  A steam dragon (D:6)
  Grum (D:8)
  3 acid dragons
  8 water moccasins
  7 orc warriors
  A black bear (D:8)
  An ice beast (D:6)
  2 sky beasts
  3 ogres
  22 wolves
  6 centaurs
  A phantom (D:5)
  2 kobold brigands
  15 bullfrogs
  10 gnoll sergeants
  A scorpion (D:3)
  11 killer bees
  3 howler monkeys
  3 crimson imps
  10 hounds
  4 jellies (Lair:4)
  4 orc priests
  A sleepcap (D:7)
  6 gnoll boudas (Bailey)
  Jessica (D:2)
  8 orc wizards
  Natasha (thrice) (D:2)
  11 hell rats (Lair:2)
  22 gnolls
  15 river rats
  15 adders
  3 shadow imps
  4 white imps
  An ufetubus (D:5)
  3 worms
  36 orcs
  13 ball pythons
  14 bats
  3 endoplasms
  8 giant cockroaches
  6 goblins
  6 hobgoblins
  8 jackals
  15 kobolds
  15 quokkas
  8 frilled lizards
  21 rats
474 creatures vanquished.

Notes
Turn   | Place    | Note
-------+----------+-------------------------------------------
     0 | D:1      | experimilk the Troll Gladiator began the quest for the Orb.
     0 | D:1      | Reached XP level 1. HP: 19/19 MP: 0/0
   332 | D:1      | Reached XP level 2. HP: 27/27 MP: 1/1
   678 | D:2      | Noticed Natasha
   678 | D:2      | Found a faded altar of an unknown god.
   685 | D:2      | Killed Natasha
   686 | D:2      | Reached skill level 4 in Unarmed Combat
   686 | D:2      | Reached XP level 3. HP: 33/33 MP: 2/2
   758 | D:2      | Reached XP level 4. HP: 36/41 MP: 3/3
   778 | D:2      | Reached skill level 5 in Unarmed Combat
   939 | D:2      | Noticed Jessica
   940 | D:2      | Killed Jessica
   982 | D:2      | Noticed Natasha
   987 | D:2      | Killed Natasha
   988 | D:2      | Reached XP level 5. HP: 48/48 MP: 4/4
  1013 | D:2      | Noticed Natasha
  1020 | D:2      | Killed Natasha
  1021 | D:2      | Reached skill level 6 in Unarmed Combat
  1109 | D:3      | Found a broken altar of Ashenzari.
  1309 | D:3      | Reached XP level 6. HP: 55/55 MP: 5/5
  1317 | D:3      | Reached skill level 7 in Unarmed Combat
  1415 | D:3      | Found a glowing drain.
  1425 | Sewer    | Entered a sewer
  2586 | D:4      | Found Hollahoc's Antique Weapon Emporium.
  2857 | D:4      | Reached skill level 8 in Unarmed Combat
  2996 | D:4      | Reached XP level 7. HP: 58/62 MP: 6/6
  3288 | D:5      | Entered Level 5 of the Dungeon
  3361 | D:5      | Reached skill level 9 in Unarmed Combat
  3566 | D:5      | Found a glowing golden altar of the Shining One.
  3941 | D:5      | Found a staircase to the Ecumenical Temple.
  3974 | D:5      | Found a blossoming altar of Fedhas.
  4048 | Temple   | Entered the Ecumenical Temple
  4053 | Temple   | Became a worshipper of the Wu Jian Council
  4147 | D:6      | Reached XP level 8. HP: 70/70 MP: 7/7
  4239 | D:6      | Reached skill level 10 in Unarmed Combat
  4563 | D:6      | Noticed Maggie
  4748 | D:6      | Noticed Grinder
  4772 | D:6      | Paralysed by Grinder for 2 turns
  4775 | D:6      | Killed Grinder
  4925 | D:6      | Reached skill level 5 in Throwing
  4998 | D:6      | Killed Maggie
  4999 | D:6      | Reached XP level 9. HP: 68/76 MP: 8/8
  5526 | D:7      | Reached * piety under Wu Jian
  5587 | D:7      | Found a white marble altar of Elyvilon.
  5587 | D:7      | Found a radiant altar of Vehumet.
  5594 | D:7      | Found a faded altar of an unknown god.
  5598 | D:7      | Found a faded altar of an unknown god.
  5600 | D:7      | Found a glowing silver altar of Zin.
  6006 | D:8      | Identified the scarf of the Muttering Gods {+Inv, rF+}
  6019 | D:8      | Noticed Grum
  7138 | D:8      | Killed Grum
  7139 | D:8      | Reached skill level 10 in Throwing
  7190 | D:8      | Found an iron altar of Okawaru.
  7262 | D:8      | Found a shimmering altar of Xom.
  7526 | D:8      | Reached ** piety under Wu Jian
  7527 | D:8      | Reached XP level 10. HP: 14/88 MP: 9/9
  7615 | D:9      | Found a flagged portal.
  7628 | Bailey   | Entered a bailey
  8003 | Bailey   | Reached skill level 5 in Fighting
  8578 | D:9      | Found a shimmering blue altar of Sif Muna.
  8788 | D:9      | Noticed a two-headed ogre
  8813 | D:9      | Killed a two-headed ogre
  8813 | D:9      | Reached *** piety under Wu Jian
  8856 | D:9      | Found a staircase to the Lair.
  8978 | D:9      | Noticed Harold
  8998 | D:9      | Killed Harold
  9421 | D:10     | Entered Level 10 of the Dungeon
  9429 | D:10     | Noticed a centaur warrior
  9436 | D:9      | Reached XP level 11. HP: 104/111 MP: 10/10
  9747 | D:10     | Paralysed by a hornet for 2 turns
  9858 | D:10     | Found a staircase to the Orcish Mines.
  9870 | D:10     | Found Amaeh's Book Emporium.
  9917 | D:10     | Noticed a tengu warrior
  9931 | D:10     | Killed a tengu warrior
  9934 | D:10     | HP: 3/115 [killer bee (5)]
 10022 | D:10     | Noticed an ogre mage
 10041 | D:10     | Killed an ogre mage
 10064 | D:10     | Reached skill level 10 in Fighting
 10099 | D:10     | Noticed a cyan ugly thing
 10099 | D:10     | Noticed a red ugly thing
 10119 | D:10     | Found a stormy altar of Qazlal.
 10133 | D:10     | Killed a purple ugly thing
 10138 | D:10     | Killed a purple ugly thing
 10517 | D:10     | Noticed a boulder beetle
 10533 | D:10     | Reached **** piety under Wu Jian
 10535 | D:10     | Reached skill level 11 in Unarmed Combat
 10540 | D:10     | Killed a boulder beetle
 10585 | D:10     | Killed a centaur warrior
 10586 | D:10     | Reached skill level 12 in Unarmed Combat
 10747 | D:10     | Noticed an ogre mage
 10753 | D:10     | Killed an ogre mage
 10754 | D:10     | Reached XP level 12. HP: 114/126 MP: 11/11
 10763 | D:10     | Noticed an eight-headed hydra
 10772 | D:10     | Killed an eight-headed hydra
 10801 | D:10     | Noticed a death knight
 10812 | D:10     | Killed a death knight
 10812 | D:10     | Reached skill level 13 in Unarmed Combat
 11217 | D:10     | Found a portal to a secret trove of treasure.
 11269 | D:10     | Found a sacrificial altar of Ru.
 11513 | Lair:1   | Entered Level 1 of the Lair of Beasts
 11934 | Lair:1   | Reached skill level 14 in Unarmed Combat
 12419 | Lair:2   | Noticed a boulder beetle
 12425 | Lair:2   | Killed a boulder beetle
 12426 | Lair:2   | Reached skill level 15 in Unarmed Combat
 12471 | Lair:2   | Reached skill level 1 in Armour
 12669 | Lair:2   | Found a staircase to the Snake Pit.
 12830 | Lair:2   | Reached ***** piety under Wu Jian
 13028 | Lair:2   | Noticed an eight-headed hydra
 13031 | Lair:2   | Killed an eight-headed hydra
 13032 | Lair:2   | Reached XP level 13. HP: 130/133 MP: 12/12
 13172 | Lair:2   | Found a staircase to the Swamp.
 13186 | Lair:2   | Reached skill level 5 in Armour
 13971 | Lair:3   | Upgraded the game from 0.31-a0-538-gbc85326fa9 to
                  | 0.31-a0-574-g69dc8cc98e
 14316 | Lair:3   | Identified the +4 barding of the Orcish Mines {rF++ Will+}
 14941 | Lair:4   | Mangled by a death yak

Illustrated notes

Levels and vault maps discovered:
D:1:      minmay_arrival_shoal_huts, layout_loops_ring
D:2:      layout_rooms, ebering_ecumenical_altar_petrified, uniq_natasha,
          uniq_jessica
D:3:      minmay_diamond_boxcup, layout_rooms, ashenzari_altar_1,
          cheibrodos_sewer_entry_sluice
D:4:      layout_basic, nicolae_take_the_stairs, minmay_fire_ice_demons
D:5:      layout_rooms, fedhas_altar_decomposition,
          nicolae_tso_swordbearing_angel, minmay_temple_entry_enclosed_plants
D:6:      layout_basic, uniq_maggie, uniq_grinder
D:7:      layout_rooms, chequers_temple_overflow_minitemple, solitary_fountain
D:8:      layout_cave_pools, led_xom_imps, okawaru_trees_1, uniq_grum
D:9:      layout_basic, nicolae_sif_muna_little_library, lair_entry_dummy,
          enter_bailey_6, uniq_harold
D:10:     minmay_the_grid_square_5x5_4x4
          [minmay_the_grid_square_5x5_beaten_path,
          minmay_the_grid_square_5x5_two_small,
          minmay_the_grid_square_5x5_corner,
          minmay_the_grid_square_5x5_broken_cross, minmay_the_grid_square_5x5_n,
          minmay_the_grid_square_5x5_prize_pseudospiral,
          minmay_the_grid_square_5x5_prize_junk,
          minmay_the_grid_square_5x5_fat_x, minmay_the_grid_square_5x5_six,
          minmay_the_grid_square_5x5_prize_open,
          minmay_the_grid_square_5x5_prize_gold,
          minmay_the_grid_square_5x5_hourglass, minmay_the_grid_square_5x5_v,
          minmay_the_grid_square_5x5_slash,
          minmay_the_grid_square_5x5_intrusive_squares,
          minmay_the_grid_square_5x5_checkered], layout_rooms,
          nicolae_overflow_crystal_walls, nicolae_ru_great_annihilating_truth,
          orc_0_dummy, serial_shops, shop, nicolae_trove_entry_isolated
D:11:     cheibrodos_breeding_chamber, layout_basic
Temple:   minmay_freezing_vapour_temple
Lair:1:   layout_roguey, lemuel_fruit_fields
Lair:2:   lemuel_ratsnest, layout_chaotic_city, minmay_swamp_entry_worms,
          dummy_snake_entry, lemuel_fruit_tree
Lair:3:   layout_gridlike, minmay_holes
Lair:4:   beargit_carnivore_pack, layout_regular_city,
          nicolae_slime_entry_slimehenge, gammafunk_ghost_icy,
          gauntlet_entry_generic

Skill      XL: |  1  2  3  4  5  6  7  8  9 10 11 12 13 |
---------------+----------------------------------------+-----
Unarmed Combat | 4 5 6 8 9 10 12 15 | 15.0
Throwing       | 7 10 | 10.0
Fighting       | 2 8 10 | 10.0
Armour         | 4 9 |  9.3
Dodging        | |  2.4

Action                     |  1- 3 |  4- 6 |  7- 9 | 10-12 | 13-15 || total
---------------------------+-------+-------+-------+-------+-------++-------
  Melee: Unarmed           |    61 |   195 |   188 |   539 |   154 ||  1137
         Punch             |     2 |     2 |     6 |    32 |    13 ||    55
  Throw: Stone             |     3 |    56 |    35 |    10 |       ||   104
         Large rock        |       |     7 |    16 |    39 |    23 ||    85
         Javelin           |       |     2 |     4 |    16 |     2 ||    24
         Dart              |       |     2 |    50 |    78 |    22 ||   152
         Boomerang         |       |     1 |    41 |    69 |    13 ||   124
         Throwing net      |       |       |       |    14 |       ||    14
 Invoke: Serpent's Lash    |       |       |       |     6 |     6 ||    12
         Heavenly Storm    |       |       |       |       |     1 ||     1
Ability: Lunge             |       |       |    10 |    65 |    27 ||   102
         Whirlwind         |       |       |     2 |    56 |    32 ||    90
         Wall Jump         |       |       |       |     2 |     1 ||     3
  Evoke: Wand              |       |       |       |     2 |       ||     2
    Use: Scroll            |     1 |    10 |     7 |    13 |     3 ||    34
         Potion            |       |     1 |     1 |     6 |     1 ||     9
   Stab: Held in net/web   |       |       |       |     5 |       ||     5
         Invisible         |       |       |       |     1 |       ||     1
         Paralysed         |       |       |       |     1 |       ||     1
         Distracted        |       |       |       |       |     1 ||     1
 Armour: Robe              |    27 |    58 |    45 |       |       ||   130
         Skin              |       |    26 |       |    34 |       ||    60
         Swamp dragon scal |       |       |       |   105 |       ||   105
         Troll leather arm |       |       |       |    31 |    15 ||    46
  Dodge: Dodged            |    42 |   109 |   127 |   207 |    66 ||   551

Table legend: (Time is in decaauts)
 A = Elapsed time spent in this place.
 B = Non-inter-level travel time spent in this place.
 C = Inter-level travel time spent in this place.
 D = Time resting spent in this place.
 E = Time spent auto-exploring this place.
 F = Levels seen in this place.
 G = Mean time per level.
                   A        B        C        D        E       F      G
               +--------+--------+--------+--------+--------+-----+--------+
         Total |  14788 |  14059 |    729 |   3293 |   7763 |  18 |  821.6 |
       Dungeon |  10125 |   9528 |    597 |   2523 |   5110 |  11 |  920.5 |
        Temple |     12 |     12 |      0 |      0 |      0 |   1 |   12.0 |
          Lair |   3374 |   3243 |    131 |    470 |   2003 |   4 |  843.5 |
         Sewer |    636 |    636 |      0 |    100 |    395 |   1 |  636.0 |
        Bailey |    638 |    638 |      0 |    200 |    255 |   1 |  638.0 |
               +--------+--------+--------+--------+--------+-----+--------+

Top non-repeatable levels by time:
    D:10: 1752 daAuts
  Lair:2: 1492 daAuts
     D:9: 1469 daAuts
     D:6: 1320 daAuts
     D:7: 1164 daAuts
     D:8: 1013 daAuts
  Lair:3: 961 daAuts
     D:4: 939 daAuts
     D:5: 776 daAuts
  Lair:1: 773 daAuts
     D:1: 676 daAuts
  Bailey: 638 daAuts
   Sewer: 636 daAuts
     D:3: 582 daAuts
     D:2: 429 daAuts
